 Dungeon Crawl Stone Soup version 0.18-a0-1805-g8ab820f (webtiles) character file.

228 varam the Charmwright (level 5, 40/46 HPs)
             Began as a Draconian Skald on Apr 25, 2016.
             Was an Initiate of Qazlal.
             Quit the game on level 3 of the Dungeon.
             The game lasted 00:15:48 (3426 turns).

varam the Charmwright (Draconian Skald)             Turns: 3426, Time: 00:15:49

Health: 40/46      AC:  6    Str: 15    XL:     5   Next: 71%
Magic:  1/8        EV: 12    Int: 12    God:    Qazlal [......]
Gold:   151        SH:  0    Dex: 11    Spells: 2 memorised, 5 levels left

rFire  . . .     SeeInvis .     i - +0 dagger (venom)
rCold  . . .     Gourm    +     (armour unavailable)
rNeg   . . .     Faith    .     (no shield)
rPois  .         Spirit   .     (helmet restricted)
rElec  .         Dismiss  .     (no cloak)
rCorr  .         Reflect  .     g - +0 pair of gloves
SustAt .         Harm     .     (no boots)
MR     .....                    d - amulet of the gourmand
Stlth  ++........               (no ring)
                                (no ring)

@: infused, singing, not resistant to hostile enchantments, unstealthy
A: unfitting armour, cold-blooded, AC +5
a: Renounce Religion, Stop Singing


You were on level 3 of the Dungeon.
You worshipped Qazlal.
Qazlal was noncommittal.
You were full.

You visited 1 branch of the dungeon, and saw 3 of its levels.

You collected 151 gold pieces.

Inventory:

Hand Weapons
 a - a +0 hand axe
 i - a +0 dagger of venom (weapon)
 l - a cursed -3 falchion
Armour
 g - a +0 pair of gloves (worn)
Jewellery
 d - an amulet of the gourmand (around neck)
Scrolls
 e - 3 scrolls of identify {unknown}
 h - a scroll of amnesia {unknown}
 k - a scroll of enchant armour {unknown}
Books
 b - a book of Battle

   Spells                             Type                      Level
   a - Infusion                       Charms                       1
   b - Shroud of Golubria             Charms/Translocation         2
   c - Song of Slaying                Charms                       2
   d - Spectral Weapon                Hexes/Charms                 3
   e - Regeneration                   Charms/Necromancy            3
Comestibles
 c - 4 bread rations
 f - 2 beef jerkies
 j - 2 fruits


   Skills:
 + Level 4.1 Fighting
 - Level 2.1 Axes
 - Level 1.3 Dodging
 - Level 2.4 Stealth
 - Level 2.0 Spellcasting
 + Level 4.2 Charms


You had 5 spell levels left.
You knew the following spells:

 Your Spells              Type           Power        Failure   Level  Hunger
a - Infusion              Chrm           ##..         6%          1    ##.....
b - Song of Slaying       Chrm           ##......     10%         2    ###....


Dungeon Overview and Level Annotations

Branches:
Dungeon (3/15)

Altars:
Nemelex Xobeh
Qazlal
Yredelemnul


Innate Abilities, Weirdness & Mutations

Your plain brown scales are hard (AC +5).
Your body does not fit into most forms of armour.
You are cold-blooded and may be slowed by cold attacks.


Message History

You hit the orc.
The orc is poisoned.
You tail-slap the orc.
You kill the orc!
Qazlal accepts your kill. The orc hits you but does no damage. x2
You closely miss the orc.
Your tail-slap misses the orc.
The orc completely misses you. The orc barely misses you.
You hit the orc.
The orc is poisoned.
The orc is severely wounded.
You kill the orc!
Qazlal accepts your kill. The orc barely misses you.
You puncture the orc!
You kill the orc!
Qazlal accepts your kill.
No target in view!
No target in view!
No target in view!
Items here: ) [[ †††
l - an enchanted falchion Are you sure you want to abandon this character and quit the game? (Confirm with "yes".)

#... #...........# #...##
#...........###
#....#####.#######.##...
#.....##.# ### #.##...
#..##....#######......
##..###....+_+....#...
##..##..###+###.#####
###.....# #.# #.# ###
###...@##.###.###.###.†
####...#...#.............#
####....#####.###.###........
#....#### #.##..#...#######
#....# #..#.##.###
#....#########......#
#.........##.....############
####.........................
#................###.......


There were no monsters in sight!

Vanquished Creatures
  A hound (D:3)
  2 orc priests (D:3)
  4 adders
  A worm (D:2)
  A dart slug (D:1)
  A giant gecko (D:1)
  19 orcs
  A giant cockroach (D:3)
  6 goblins
  13 hobgoblins
  4 jackals (D:1)
  2 quokkas
  5 bats
  3 giant newts
  8 kobolds
  9 rats
80 creatures vanquished.

Vanquished Creatures (others)
  2 hobgoblins (D:2)
2 creatures vanquished.

Grand Total: 82 creatures vanquished

Notes
Turn   | Place    | Note
--------------------------------------------------------------
     0 | D:1      | varam the Draconian Skald began the quest for the Orb.
     0 | D:1      | Reached XP level 1. HP: 17/17 MP: 3/3
   376 | D:1      | Reached skill level 1 in Stealth
   381 | D:1      | Reached XP level 2. HP: 15/24 MP: 5/5
   485 | D:1      | Learned a level 2 spell: Song of Slaying
  1045 | D:1      | Reached XP level 3. HP: 27/29 MP: 1/6
  2140 | D:2      | Found a stormy altar of Qazlal.
  2150 | D:2      | Became a worshipper of Qazlal Stormbringer
  2256 | D:2      | Reached XP level 4. HP: 37/37 MP: 3/7
  2816 | D:3      | Found a sparkling altar of Nemelex Xobeh.
  2838 | D:3      | Found a basalt altar of Yredelemnul.
  2890 | D:3      | Reached XP level 5. HP: 39/45 MP: 8/8
  3426 | D:3      | Quit the game

Vault maps used:
D:1:      dpeg_arrival_boxorama
D:2:      nicolae_qazlal_eye_of_the_storm, first_bread
D:3:      yredelemnul_altar_generic, lemuel_doored_altar

Skill      XL: |  1  2  3  4  5 |
---------------+----------------+-----
Stealth        | 1 2 |  2.4
Charms         | 3 4 |  4.2
Fighting       | 3 4 |  4.1
Axes           | |  2.1
Dodging        | |  1.3
Spellcasting   | |  2.0

Action                   |  1- 3 |  4- 6 || total
-------------------------+-------+-------++-------
Melee: Hand axe          |   144 |    17 ||   161
       Tailslap          |    13 |    10 ||    23
       Dagger            |       |    69 ||    69
 Cast: Infusion          |    13 |     6 ||    19
       Song of Slaying   |     2 |     6 ||     8
 Stab: Sleeping          |     3 |       ||     3
  Eat: Chunk             |    15 |     2 ||    17
Armor: Skin              |    42 |    43 ||    85
Dodge: Dodged            |   101 |    65 ||   166
